[Event "Early-Titled-Tuesday-Blitz-April-02-2024"]
[Site "Chess.com"]
[Date "2024.04.02"]
[Round "1"]
[White "GGuseinov"]
[Black "Caracal3000"]
[Result "1/2-1/2"]
[WhiteElo "2912"]
[BlackElo "2531"]
[TimeControl "180+1"]
[EndTime "8:07:12 PDT"]
[Termination "Game drawn by repetition"]

1. e4 e5 2. Nf3 Nc6 3. Bb5 a6 4. Bxc6 dxc6 5. O-O f6 6. d4 exd4 7. Nxd4 c5 8. Nb3 Qxd1 9. Rxd1 Bd6 10. Na5 Nh6 11.
Nc4 Nf7 12. Nxd6+ Nxd6 13. Bf4 Ke7 14. Nc3 Be6 15. Bxd6+ cxd6 16. Rd2 Rhd8 17. Rad1 b5 18. f3 Rab8 19. Kf2 a5 20. g4 b4 21. Nd5+ Bxd5 22. Rxd5 a4 23. g5 Ke6 24. h4 h6 25. gxh6 gxh6 26.
Rh5 Rh8 27. Rg1 Kf7 28. Ke3 Rbe8 29. Rd5 Rd8 30. Kf4 Rhg8 31. Rxg8 Kxg8 32. Kf5 Kf7 33. f4 Ke7 34. e5 fxe5 35. fxe5 Rf8+ 36. Kg6 Rf2 37.
exd6+ Kd7 38. Rxc5 Kxd6 39. Rc4 Kd5 40. b3 a3 41. h5 Rf1 42. Kxh6 Ra1 43. Rxb4 Rxa2 44. Ra4 Ra1 45. Kh7 a2 46. h6 Kc5 47. c4 Kd4 48. Ra5 Kc3 49. c5 Kxb3 50. c6 Rc1 51.
Ra6 Rxc6 52. Rxc6 a1=Q 53. Rg6 Qa7+ 54. Rg7 Qa1 55. Kg8 Qa8+ 56. Kf7 Qa7+ 57. Kg6 Qa6+ 58. Kh7 Qd3+ 59. Kh8 Qd8+ 60. Rg8 Qf6+ 61. Kh7 Qf7+ 62. Rg7 Qf5+ 63. Kg8 Qe6+ 64. Kh7 Qf5+ 65. Kh8 Qf8+ 66. Kh7 Qf5+ 1/2-1/2

[Event "Early-Titled-Tuesday-Blitz-April-02-2024"]
[Site "Chess.com"]
[Date "2024.04.02"]
[Round "1"]
[White "Binary010"]
[Black "banane_verte"]
[Result "1-0"]
[WhiteElo "2809"]
[BlackElo "2482"]
[TimeControl "180+1"]
[EndTime "8:07:12 PDT"]
[Termination "Binary010 won by checkmate"]

1. e4 d5 2. exd5 Qxd5 3. Nc3 Qa5 4. d4 Nf6 5. Nf3 c6 6. Bc4 Bf5 7. Bd2 Qc7 8. Qe2 e6 9. O-O-O Bb4 10. Kb1 Bxc3 11. Bxc3 Nbd7 12. Nh4 Be4 13. f3 Bd5 14. Bd3 O-O-O 15. Bd2 c5 16. c4 Bc6 17. dxc5 Nxc5 18.
Bc2 Rd4 19. g3 Rhd8 20. Bc3 Rxd1+ 21. Rxd1 Rxd1+ 22. Qxd1 h6 23. b4 Ncd7 24. Qd4 g5 25.
Ng2 Bxf3 26. Ne1 Bc6 27. Qxa7 Qb6 28. Qa8+ Kc7 29. b5 Bh1 30. Ba5 Qxa5 31. Qxa5+ Nb6 32. c5 Nd5 33. cxb6+ Nxb6 34. Qc3+ Kb8 35. Qe5+ Ka7 36. Qc5 f5 37. a4 Be4 38. a5 Bxc2+ 39. Nxc2 e5 40.
axb6+ Kb8 41. Qf8# 1-0

[Event "Early-Titled-Tuesday-Blitz-April-02-2024"]
[Site "Chess.com"]
[Date "2024.04.02"]
[Round "1"]
[White "bubeliang"]
[Black "Ergali_Suleimen"]
[Result "1-0"]
[WhiteElo "2773"]
[BlackElo "2447"]
[TimeControl "180+1"]
[EndTime "8:07:12 PDT"]
[Termination "bubeliang won by resignation"]

1. b3 Nf6 2. Bb2 e6 3. g3 Be7 4. Bg2 O-O 5. Nf3 b6 6. O-O Bb7 7. d3 c5 8. Nbd2 d5 9. Re1 Nc6 10. e4 Qd7 11. Ne5 Nxe5 12. Bxe5 Rfd8 13. f4 dxe4 14.
Nxe4 Nd5 15. Qg4 f6 16. Bb2 Kh8 17. Nf2 Nb4 18. Qxe6 Bxg2 19. Kxg2 Qb7+ 20. Qe4 Qxe4+ 21. Rxe4 Bf8 22. Re2 Kg8 23. a3 Nd5 24. Rae1 Rd7 25. Re8 Rad8 26. Rxd8 Rxd8 27. Ne4 Kf7 28. Re2 h6 29.
Kf3 f5 30. Nd2 Re8 31. Rxe8 Kxe8 32. Nc4 g6 33. Ne3 Ne7 34. c4 Nc6 35. Bc3 Kf7 36. Nc2 Bg7 37. Bxg7 Kxg7 38. Ke3 Kf6 39. d4 Na5 40. Na1 Ke6 41. d5+ Kd6 42. Kd3 a6 43.
b4 Nb7 44. Nb3 a5 45. b5 Nd8 46. Nd2 Nf7 47. Nf3 g5 48. Ke3 g4 49. Nh4 Ke7 50. Nxf5+ Kf6 51. Ke4 h5 52. Ne3 Nd6+ 53. Kd3 Kg6 54.
Nd1 Kf5 55. Nc3 Kg6 56. Ne4 Nf5 57. d6 Kf7 58. d7 Ke7 59. Nf6 Nd4 60. Nxh5 Ne6 61.
f5 Ng5 62. Nf6 Nf7 63. Nxg4 Kxd7 64. Ke4 Ke7 65. h4 Nd6+ 66. Kd5 Nxf5 67. Kc6 Ne3 68.
Nxe3 1-0

[Event "Early-Titled-Tuesday-Blitz-April-02-2024"]
[Site "Chess.com"]
[Date "2024.04.02"]
[Round "1"]
[White "rionelG"]
[Black "Antosha_Chekhonte"]
[Result "0-1"]
[WhiteElo "2199"]
[BlackElo "2590"]
[TimeControl "180+1"]
[EndTime "8:07:12 PDT"]
[Termination "Antosha_Chekhonte won by resignation"]

1. e4 c6 2. d4 d5 3. Nd2 dxe4 4. Nxe4 Nf6 5. Nxf6+ exf6 6. c3 Bd6 7. Bd3 O-O 8.
Qh5 Re8+ 9. Ne2 f5 10. Bg5 Qb6 11. O-O-O Nd7 12. Rhe1 Nf8 13. Bf4 Rxe2 14. Rxe2 Bxf4+ 15. Kb1 Be6 16. Qf3 Ng6 17. g3 Bd6 18. Bxf5 Bd5 19.
Be4 Qa5 20. Bxd5 Qxd5 21. Qd3 b5 22. Rde1 Kf8 23. h4 a5 24. Qe4 Qxe4+ 25. Rxe4 h5 26. Kc2 a4 27. R1e2 Ne7 28. Re1 Nd5 29. R1e2 g6 30.
Re1 Kg7 31. Re8 Rxe8 32. Rxe8 Kf6 33. Rc8 Ne7 34. Rd8 Ke6 35. Kd3 Nd5 36. Rh8 Nf6 37.
Rc8 Kd7 38. Ra8 Ng4 39. Rf8 Bxf8 0-1

[Event "Early-Titled-Tuesday-Blitz-April-02-2024"]
[Site "Chess.com"]
[Date "2024.04.02"]
[Round "1"]
[White "Art10ECHR"]
[Black "artin10862"]
[Result "0-1"]
[WhiteElo "2524"]
[BlackElo "2924"]
[TimeControl "180+1"]
[EndTime "8:07:14 PDT"]
[Termination "artin10862 won by resignation"]

1. d4 d5 2. c4 c6 3. cxd5 cxd5 4. Nc3 Nf6 5. Nf3 Ne4 6. e3 Nxc3 7. bxc3 g6 8. c4 Bg7 9. cxd5 Qxd5 10. Qb3 Be6 11. Qxd5 Bxd5 12. Bb2 Nc6 13. Bd3 O-O 14. a3 Na5 15.
Ke2 Nc4 16. Bc3 Rfc8 17. Rhc1 b6 18. a4 f5 19. Bb4 e6 20. Rc2 Bf8 21. Bxf8 Kxf8 22.
Rac1 Nd6 23. Rc7 Ke8 24. Ba6 Rxc7 25. Rxc7 Nf7 26. g3 Kf8 27. h4 h6 28. Nd2 Nd6 29.
Rd7 Ne8 30. Nc4 Nf6 31. Rc7 Ne8 32. Rh7 Kg8 33. Rd7 Bc6 34. Re7 Bxa4 35. Rxe6 Nc7 36. Rxg6+ Kh7 37. h5 Nxa6 38. d5 Bb5 39. Kd3 Rc8 0-1

[Event "Early-Titled-Tuesday-Blitz-April-02-2024"]
[Site "Chess.com"]
[Date "2024.04.02"]
[Round "1"]
[White "MAGMAchess02"]
[Black "slorovel"]
[Result "0-1"]
[WhiteElo "2305"]
[BlackElo "2629"]
[TimeControl "180+1"]
[EndTime "8:07:16 PDT"]
[Termination "slorovel won by resignation"]

1. e4 g6 2. d4 Bg7 3. Nf3 c6 4.
Nc3 d5 5. h3 dxe4 6. Nxe4 Nf6 7.
Nxf6+ exf6 8. c3 O-O 9. Be2 a5 10. O-O a4 11. Be3 Nd7 12. Qd2 f5 13. Bh6 Nf6 14. Bxg7 Kxg7 15. Ne5 Be6 16. Bf3 Bd5 17. Bxd5 Qxd5 18. Rfe1 Rfd8 19. Qe3 Ne4 20. Nd3 Re8 21.
Qf3 a3 22. Nb4 Qc4 23. bxa3 Nxc3 24. Rxe8 Rxe8 25. Qd3 Ne2+ 26. Kf1 Qxd4 27. Qxd4+ Nxd4 28. Rd1 c5 29. Nd3 b6 30. Rb1 c4 31. Nb4 b5 32.
Nd5 Ra8 33. Rd1 Ne6 34. Nc3 Rxa3 35. Nxb5 Rxa2 36. Nd6 c3 37. Rc1 Nd4 38. Nc4 Ne2 39.
Re1 c2 40. Ne3 c1=Q 0-1

[Event "Early-Titled-Tuesday-Blitz-April-02-2024"]
[Site "Chess.com"]
[Date "2024.04.02"]
[Round "1"]
[White "Lady_Nika"]
[Black "mishanick"]
[Result "0-1"]
[WhiteElo "2545"]
[BlackElo "3051"]
[TimeControl "180+1"]
[EndTime "8:07:17 PDT"]
[Termination "mishanick won by resignation"]

1. c4 e6 2. Nc3 d5 3. cxd5 exd5 4. d4 c6 5. Nf3 Bf5 6. e3 Nd7 7. Bd3 Bxd3 8. Qxd3 Ngf6 9. O-O Bb4 10. Bd2 O-O 11. a3 Bxc3 12. bxc3 Nb6 13. Ne5 Nfd7 14. Nxd7 Qxd7 15.
e4 dxe4 16. Qxe4 Qd5 17. Qg4 h5 18. Qg3 Rfe8 19. Rae1 Nc4 20. Bh6 g6 21. a4 a5 22.
Qf4 Kh7 23. Bg5 Qf5 24. Qc7 Rxe1 25. Rxe1 Re8 26. Rf1 Re6 27. Bc1 b5 28. axb5 cxb5 29. Be3 a4 30. d5 Rd6 31. Qb7 Rxd5 32. Bd4 Rd8 33. f3 a3 34. g4 Qd7 35. Qa6 Qe6 36.
Qxb5 hxg4 37. Qg5 Rd5 38. Qh4+ Rh5 39. Qd8 Ne5 40. f4 Qa2 41. h4 g3 42. Bf2 gxf2+ 43. Rxf2 Qb1+ 44. Kh2 Ng4+ 0-1

[Event "Early-Titled-Tuesday-Blitz-April-02-2024"]
[Site "Chess.com"]
[Date "2024.04.02"]
[Round "1"]
[White "Zhigalko_Sergei"]
[Black "killer_dreams"]
[Result "1-0"]
[WhiteElo "2872"]
[BlackElo "2503"]
[TimeControl "180+1"]
[EndTime "8:07:17 PDT"]
[Termination "Zhigalko_Sergei won on time"]

1. e4 c5 2. Nf3 d6 3. d4 cxd4 4. Qxd4 Nc6 5. Bb5 Bd7 6. Bxc6 Bxc6 7. Nc3 h6 8. Qd3 e5 9. Nd2 Qd7 10. Nc4 b5 11. Ne3 Nf6 12. O-O Be7 13. Nf5 g6 14.
Nxe7 Kxe7 15. f4 b4 16. fxe5 dxe5 17. Qf3 Qe6 18. Be3 bxc3 19. Bc5+ Ke8 20. Qxf6 Qxf6 21.
Rxf6 cxb2 22. Rb1 Bxe4 23. Rxb2 Rc8 24. Bd6 Kd7 25. Bxe5 Rhe8 26. Bd4 Bd5 27. c3 Re1+ 28. Kf2 Ra1 29. Ra6 Rc7 30. Be5 Rb7 31. Rd2 Rb5 32.
c4 Rc5 33. Bxa1 1-0

[Event "Early-Titled-Tuesday-Blitz-April-02-2024"]
[Site "Chess.com"]
[Date "2024.04.02"]
[Round "1"]
[White "yosephtaher"]
[Black "JoshuaGK27"]
[Result "1-0"]
[WhiteElo "2940"]
[BlackElo "2528"]
[TimeControl "180+1"]
[EndTime "8:07:18 PDT"]
[Termination "yosephtaher won by resignation"]

1. d4 Nf6 2. Nc3 d5 3. Bf4 c5 4.
e4 Nxe4 5. Nxe4 dxe4 6. dxc5 Qxd1+ 7. Rxd1 Nc6 8. c3 e5 9. Be3 Be6 10. a3 Be7 11. b4 O-O 12. Bb5 f5 13. g3 f4 14. Bc1 a5 15. Ne2 Bg4 16. gxf4 exf4 17. Rg1 h5 18. h3 Bf3 19. Rd7 Bf6 20.
Rxb7 Ne5 21. Nxf4 Rad8 22. Be2 Nd3+ 23. Nxd3 exd3 24. Bxf3 Bxc3+ 25. Bd2 Bxd2+ 26. Kxd2 Rxf3 27. Rgxg7+ Kf8 28. Rh7 Rxf2+ 29. Ke1 Re2+ 30. Kd1 Kg8 31. Rbg7+ Kf8 32. c6 axb4 33. Rh8+ Kxg7 34. Rxd8 Rc2 35.
axb4 Rxc6 36. Rxd3 Kf6 37. b5 Rb6 38. Rb3 Ke5 39.
Ke2 Kd4 40. Kf3 Kc5 41. Kf4 Kc4 42. Rb1 Rxb5 43. Rxb5 Kxb5 44. Kg5 Kc6 45. Kxh5 Kd7 46. Kg6 Ke8 47. Kg7 Ke7 48. h4 1-0

[Event "Early-Titled-Tuesday-Blitz-April-02-2024"]
[Site "Chess.com"]
[Date "2024.04.02"]
[Round "1"]
[White "shimastream"]
[Black "GMAneta"]
[Result "1-0"]
[WhiteElo "3014"]
[BlackElo "2538"]
[TimeControl "180+1"]
[EndTime "8:07:19 PDT"]
[Termination "shimastream won on time"]

1. d4 d5 2. Nf3 Nf6 3. e3 c5 4. Nbd2 cxd4 5. exd4 Nc6 6. c3 Bf5 7. Be2 e6 8. Nh4 Bg6 9. Nxg6 hxg6 10. g3 Bd6 11.
O-O Qc7 12. Nf3 a6 13. Bd3 Ne7 14. Re1 Nf5 15. Kg2 b5 16. Bd2 O-O 17. Ne5 Bxe5 18. Rxe5 Nd6 19. Re2 Nc4 20. Bf4 Qc6 21. h4 Rfc8 22. Rc1 a5 23. Rec2 a4 24. Qe2 Ra7 25. b3 axb3 26. axb3 Na3 27. Ra2 Ne4 28. c4 bxc4 29.
bxc4 Qb7 30. c5 Ra4 31. Be3 Nxc5 32. dxc5 d4+ 33. Kg1 dxe3 34. Qxe3 Qd5 35. Rd2 Qb3 36. h5 Rb4 37. hxg6 fxg6 38. c6 Nb5 39. Qe5 Nd4 40. Be4 Nf3+ 41. Bxf3 Qxf3 42. Qxe6+ Kh7 43. Qxc8 Rh4 44.
gxh4 g5 45. hxg5 Kg6 46. c7 Kxg5 47. Qd8+ Kg6 48. c8=Q Qg2+ 49. Kxg2 1-0

[Event "Early-Titled-Tuesday-Blitz-April-02-2024"]
[Site "Chess.com"]
[Date "2024.04.02"]
[Round "1"]
[White "JoshWeinstein"]
[Black "ansko1999"]
[Result "1-0"]
[WhiteElo "2380"]
[BlackElo "2648"]
[TimeControl "180+1"]
[EndTime "8:07:19 PDT"]
[Termination "JoshWeinstein won on time"]

1. e4 d6 2. Nc3 Nf6 3. Bc4 c6 4. d3 d5 5. Bb3 dxe4 6. Nxe4 Nxe4 7. dxe4 Qxd1+ 8. Kxd1 Nd7 9. Nf3 Nc5 10. Re1 Bg4 11.
h3 Bxf3+ 12. gxf3 Nxb3 13. axb3 a6 14. Ke2 O-O-O 15. Be3 g6 16. Rad1 Bg7 17. c3 Be5 18. f4 Bc7 19. Kf3 e6 20. Bc5 Rhe8 21. e5 b6 22. Be3 a5 23. Kg4 h6 24. h4 h5+ 25.
Kg5 Rxd1 26. Rxd1 Bd8+ 27. Rxd8+ Rxd8 28. Kf6 Rd7 29. Bxb6 Rb7 30. Bxa5 Rxb3 31. Kxf7 Kd7 32. Kxg6 Rxb2 33. Kxh5 Rxf2 34. Kg5 Rg2+ 35. Kh5 c5 36. Bb6 Kc6 37. Bd8 Kd5 38. Bg5 Kc4 39. Kg6 Kxc3 40. Kf6 Kd4 41. Kxe6 c4 42. Kf7 c3 43. e6 c2 44. e7 Re2 45. f5 Kd5 46. f6 Kd6 47. e8=Q 1-0

[Event "Early-Titled-Tuesday-Blitz-April-02-2024"]
[Site "Chess.com"]
[Date "2024.04.02"]
[Round "1"]
[White "NigiriSushies"]
[Black "IakovUlivar"]
[Result "1-0"]
[WhiteElo "2270"]
[BlackElo "2578"]
[TimeControl "180+1"]
[EndTime "8:07:19 PDT"]
[Termination "NigiriSushies won on time"]

1. e4 c6 2. c4 d5 3. cxd5 cxd5 4. exd5 Nf6 5. Nc3 Nxd5 6. Nf3 Nc6 7. Bb5 e6 8. O-O Be7 9. d4 O-O 10. Re1 Nxc3 11.
bxc3 Qc7 12. Ba4 Rd8 13. Bc2 Bf6 14. Bg5 Qe7 15. h4 b6 16. Bxf6 Qxf6 17. Ng5 h6 18. Ne4 Qxh4 19. Re3 Ne7 20. Rh3 Qf4 21. Qh5 Nf5 22.
Rf3 Qc7 23. g4 g6 24. Qh3 Kg7 25. gxf5 exf5 26. Nd2 Re8 27. Re3 Bb7 28. Rae1 Rxe3 29. Qxe3 Qc6 30. Qe5+ Kh7 31. f3 Rd8 32. Bb3 Qd7 33. Qe7 1-0

[Event "Early-Titled-Tuesday-Blitz-April-02-2024"]
[Site "Chess.com"]
[Date "2024.04.02"]
[Round "1"]
[White "JiiHart"]
[Black "ninguno46"]
[Result "0-1"]
[WhiteElo "2176"]
[BlackElo "2580"]
[TimeControl "180+1"]
[EndTime "8:07:21 PDT"]
[Termination "ninguno46 won on time"]

1. e4 c5 2. c3 d5 3. exd5 Qxd5 4.
d4 g6 5. Nf3 Bg7 6. Na3 Nf6 7.
Be3 cxd4 8. Qxd4 Nc6 9. Qxd5 Nxd5 10. Nb5 O-O 11. Nbd4 Nxe3 12. fxe3 Ne5 13. Nxe5 Bxe5 14. Bd3 Bg4 15. O-O Rad8 16. h3 Bc8 17. Rad1 Bc7 18. Be4 Bb6 19. Nc2 Kg7 20. Kh1 f5 21. Bf3 e5 22.
Bd5 e4 23. c4 a5 24. Nd4 Kf6 25. b3 Ke5 26. a3 Bc5 27. Nc2 g5 28. b4 axb4 29. axb4 Be7 30. Rde1 b5 31. Ra1 bxc4 32. Bxc4 Kf6 33. Ra5 Rd2 34. Nd4 Kg6 35. Be6 Bxe6 36. Nxe6 Rf6 37. Ra6 Bxb4 0-1

[Event "Early-Titled-Tuesday-Blitz-April-02-2024"]
[Site "Chess.com"]
[Date "2024.04.02"]
[Round "1"]
[White "MikeSailer"]
[Black "JiaHaoxiang"]
[Result "1/2-1/2"]
[WhiteElo "2143"]
[BlackElo "2564"]
[TimeControl "180+1"]
[EndTime "8:07:21 PDT"]
[Termination "Game drawn by repetition"]

1. d4 Nf6 2. Nf3 g6 3. Bf4 Bg7 4. e3 O-O 5. Be2 d6 6. h3 b6 7.
O-O Bb7 8. a4 a6 9. c4 Nbd7 10. a5 bxa5 11. Rxa5 c5 12. Qa4 cxd4 13.
exd4 Nb6 14. Qa3 Bxf3 15. gxf3 d5 16. c5 Nc4 17. Bxc4 dxc4 18. Be5 Nd5 19. Rxa6 Bxe5 20. dxe5 Rc8 21. Nc3 Nf4 22. Rd1 Qc7 23. Nd5 Qxe5 24. Nxf4 Qxf4 25. c6 Qg5+ 26. Kh1 Rfd8 27. Rxd8+ Rxd8 28. Ra8 Qc1+ 29. Kg2 Qg5+ 30. Kh1 Rxa8 31. Qxa8+ Kg7 32.
Qb8 Qf6 33. c7 Qxf3+ 34. Kg1 Qd1+ 35. Kh2 Qd6+ 36. Kg1 Qd1+ 37. Kg2 Qd5+ 38. Kf1 Qh1+ 39. Ke2 Qe4+ 40. Kf1 Qh1+ 41. Ke2 Qe4+ 42. Kf1 Qd3+ 43.
Kg2 Qd5+ 44. Kf1 Qd1+ 45. Kg2 Qd5+ 1/2-1/2

[Event "Early-Titled-Tuesday-Blitz-April-02-2024"]
[Site "Chess.com"]
[Date "2024.04.02"]
[Round "1"]
[White "GiorgianBarbosa"]
[Black "KNVB"]
[Result "0-1"]
[WhiteElo "2478"]
[BlackElo "2807"]
[TimeControl "180+1"]
[EndTime "8:07:22 PDT"]
[Termination "KNVB won on time"]

1. c4 c5 2. g3 Nf6 3. Bg2 e6 4.
Nc3 d5 5. cxd5 exd5 6. Nf3 d4 7. Nb1 Nc6 8. a4 Bd6 9. O-O O-O 10. d3 h6 11. Na3 Re8 12. Nc4 Bc7 13. e4 dxe3 14.
Bxe3 Bf5 15. d4 Ng4 16. d5 Na5 17. Nxa5 Nxe3 18. fxe3 Bxa5 19. Nh4 Bd7 20. Nf5 Bxf5 21. Rxf5 Bc7 22. e4 Bd6 23. Qg4 g6 24. Rf2 Re5 25.
Raf1 Re7 26. h4 h5 27. Qf4 Bxf4 28. Rxf4 Qd6 29. Bf3 c4 30. g4 Qxf4 31. gxh5 Qg3+ 32. Bg2 Rxe4 33. hxg6 Re2 0-1

[Event "Early-Titled-Tuesday-Blitz-April-02-2024"]
[Site "Chess.com"]
[Date "2024.04.02"]
[Round "1"]
[White "IsuruAlahakoon"]
[Black "Fy_Rakotomaharo"]
[Result "0-1"]
[WhiteElo "2402"]
[BlackElo "2709"]
[TimeControl "180+1"]
[EndTime "8:07:22 PDT"]
[Termination "Fy_Rakotomaharo won by resignation"]

1. Nf3 Nf6 2. d4 g6 3. Bg5 Bg7 4. Nbd2 O-O 5. c3 c5 6. e3 b6 7. Bd3 Bb7 8. O-O d6 9. a4 a6 10. Re1 Nbd7 11. h3 Qc7 12. Rc1 Rfc8 13. Qe2 Qd8 14. e4 cxd4 15. cxd4 e5 16. Nc4 Qe7 17. Rcd1 h6 18. Bh4 exd4 19. Nxd4 Ne5 20. Nxe5 dxe5 21. Nf3 g5 22. Bg3 Nh5 23. Bxe5 Bxe5 24. Nxe5 Nf4 25.
Qg4 Qxe5 26. Bb1 Qe6 27. Qg3 Rd8 28. Rxd8+ Rxd8 29. h4 Rd1 30. Qe3 Qg4 31. g3 Rxe1+ 32. Qxe1 gxh4 33. Qd2 hxg3 34. Qd8+ Kg7 35. Qd4+ f6 36.
f3 Ne2+ 37. Kg2 Qxf3+ 38. Kxf3 Nxd4+ 39. Kxg3 Kf7 40. Kf4 Ke7 41. e5 fxe5+ 42. Kxe5 Nf3+ 43. Kf4 Ng5 44. Kg4 a5 45. Kh5 Nf7 46. Kg6 Bc6 47. Bc2 Be8 48. Kh5 Kd6 49. Kg6 Kc5 50. Kf6 h5 51. Ke7 Nd6 52. Bd1 h4 53. b3 h3 54. Bf3 h2 55. Ke6 Bc6 0-1

[Event "Early-Titled-Tuesday-Blitz-April-02-2024"]
[Site "Chess.com"]
[Date "2024.04.02"]
[Round "1"]
[White "FredddieCroderg"]
[Black "davidkalashian"]
[Result "0-1"]
[WhiteElo "2354"]
[BlackElo "2655"]
[TimeControl "180+1"]
[EndTime "8:07:22 PDT"]
[Termination "davidkalashian won on time"]

1. d4 Nf6 2. c4 g6 3. Nc3 Bg7 4. e4 O-O 5. Be2 d6 6. Nf3 Bg4 7. Ng1 Bxe2 8. Ngxe2 c5 9. d5 b5 10. cxb5 a6 11. bxa6 Nxa6 12. O-O Qa5 13. f3 Rfb8 14. Kh1 Nd7 15. f4 Nb6 16. e5 dxe5 17. f5 Nc4 18.
Ne4 Nd6 19. Nxd6 exd6 20. f6 Bf8 21. Ng3 c4 22. Nf5 Qc7 23. Bh6 Bxh6 24. Nxh6+ Kh8 25.
Qg4 Rxb2 26. Qh4 Qb7 27. Ng4 Qxd5 28. Rf3 Rab8 29. Ne3 Rb1+ 30. Rxb1 Rxb1+ 31. Nf1 Nc5 32. Qh6 Ne6 33. Kg1 Qd4+ 34. Kh1 Qd3 35. Kg1 Qd4+ 36. Kh1 c3 37. h4 Qd2 0-1

[Event "Early-Titled-Tuesday-Blitz-April-02-2024"]
[Site "Chess.com"]
[Date "2024.04.02"]
[Round "1"]
[White "Massakru"]
[Black "ChristianArca"]
[Result "0-1"]
[WhiteElo "2384"]
[BlackElo "2679"]
[TimeControl "180+1"]
[EndTime "8:07:23 PDT"]
[Termination "ChristianArca won by resignation"]

1. e4 c6 2. d4 d5 3. f3 dxe4 4.
fxe4 e5 5. Nf3 Bg4 6. Bc4 Nd7 7. O-O Ngf6 8. c3 Bh5 9. Bg5 Qb6 10. Nbd2 Bd6 11.
Bb3 Qc7 12. Nc4 O-O 13. Nxd6 Qxd6 14. Qe1 Bxf3 15. Rxf3 exd4 16. Bxf6 gxf6 17. cxd4 Qxd4+ 18. Kh1 Qe5 19. Rf5 Qe7 20. Qh4 Rfe8 21. e5 Nxe5 22.
Rxf6 Kh8 23. Raf1 Nd7 24. Rh6 Qxh4 25. Rxh4 f6 26. Bc2 Re7 27. h3 a5 28. Rd1 Rae8 29.
Rxh7+ Rxh7 30. Bxh7 Nc5 31. Bf5 Re2 32. Rb1 Na4 33. b3 Nc3 34. Bg4 Nxb1 35. Bxe2 Nc3 36. Bg4 Nxa2 37. Bc8 b5 38. Bd7 Nb4 39. Kg1 a4 40.
bxa4 bxa4 41. Kf2 a3 42. Be6 a2 43. Bxa2 Nxa2 44. Ke3 Nb4 45. Kd4 Nd5 46. Kc5 Nf4 47. g4 Nxh3 48. Kxc6 Kg7 49. Kd7 Nf2 50. Ke6 Kg6 0-1

[Event "Early-Titled-Tuesday-Blitz-April-02-2024"]
[Site "Chess.com"]
[Date "2024.04.02"]
[Round "1"]
[White "Dixit_Nikhil"]
[Black "Felix-Rose"]
[Result "1-0"]
[WhiteElo "2625"]
[BlackElo "2304"]
[TimeControl "180+1"]
[EndTime "8:07:24 PDT"]
[Termination "Dixit_Nikhil won by resignation"]

1. e4 e5 2. Nf3 Nc6 3. Bb5 a6 4. Ba4 Nf6 5. O-O b5 6. Bb3 Bc5 7. d3 d6 8. Nc3 Bb6 9. Nd5 Nxd5 10. Bxd5 Bb7 11. Ng5 Rf8 12. Nxh7 Rh8 13. Ng5 Qf6 14.
Bxf7+ Ke7 15. Bd5 Raf8 16. Be3 Bxe3 17. fxe3 Qxg5 18. Qe2 Qh4 19. h3 Qg5 20. Rxf8 Rxf8 21. a4 b4 22. c3 bxc3 23. bxc3 Nd8 24. Bxb7 Nxb7 25. d4 Qf6 26. Qxa6 Qf2+ 27. Kh1 Qb2 28. Rg1 Rf2 29. a5 Qb3 30. Qc6 Nxa5 31. Qxc7+ Kf6 32.
Qxd6+ Kf7 33. Qc7+ Kg6 34. Qxa5 exd4 35. cxd4 Qxe3 36.
Qe5 Kh6 37. d5 Rf4 38. Qe6+ Kh7 39. d6 Rxe4 40. Qf5+ g6 41. Qf7+ Kh6 42. d7 Rd4 43. Qf8+ Kh5 44. d8=Q Rxd8 45. Qxd8 g5 46. Qh8+ Kg6 47.
Rf1 1-0

[Event "Early-Titled-Tuesday-Blitz-April-02-2024"]
[Site "Chess.com"]
[Date "2024.04.02"]
[Round "1"]
[White "Sanan_Sjugirov"]
[Black "Ralf61"]
[Result "1-0"]
[WhiteElo "2991"]
[BlackElo "2536"]
[TimeControl "180+1"]
[EndTime "8:07:25 PDT"]
[Termination "Sanan_Sjugirov won by resignation"]

1. d4 Nf6 2. c4 g6 3. Nc3 d5 4. cxd5 Nxd5 5. e4 Nxc3 6. bxc3 Bg7 7. Bc4 c5 8. Ne2 Nc6 9. Be3 O-O 10. O-O Bg4 11. f3 Na5 12. Bxf7+ Rxf7 13. fxg4 Rxf1+ 14. Kxf1 cxd4 15. cxd4 e5 16. Kg1 Rc8 17. d5 Nc4 18. Bf2 Nd6 19. Qd3 a6 20. h3 b5 21. a4 Qd7 22.
axb5 Qxb5 23. Qe3 Qb4 24. Ng3 a5 25. Qa7 Nxe4 26. Nxe4 Qxe4 27. Qxa5 Qd3 28. Qa6 Qc3 29. Qe6+ Kh8 30. Rd1 e4 31. d6 Qc2 32. Rf1 Rd8 33. Bb6 Rg8 34. d7 Qd3 35. Qxg8+ Kxg8 36. d8=Q+ 1-0

[Event "Early-Titled-Tuesday-Blitz-April-02-2024"]
[Site "Chess.com"]
[Date "2024.04.02"]
[Round "1"]
[White "Slovineanu"]
[Black "Imagine_Drag0n"]
[Result "1/2-1/2"]
[WhiteElo "2480"]
[BlackElo "2794"]
[TimeControl "180+1"]
[EndTime "8:07:27 PDT"]
[Termination "Game drawn by repetition"]

1. d4 Nf6 2. Nf3 d5 3. c4 e6 4. e3 b6 5. b3 Bb7 6. Bd3 Bd6 7. O-O O-O 8. Bb2 Nbd7 9. Nc3 a6 10. Rc1 Qe7 11. a4 dxc4 12. bxc4 e5 13. e4 exd4 14. Nxd4 Qe5 15. Nf3 Qh5 16. Nd5 Bxd5 17. cxd5 Rfe8 18. Re1 Nc5 19. e5 Ng4 20. exd6 Rxe1+ 21. Qxe1 Nxd3 22. Qc3 Nde5 23. Nxe5 Qxh2+ 24. Kf1 Qh1+ 25. Ke2 Qh5 26. Nxg4 Qxg4+ 27. Kf1 cxd6 28. Qd4 Qg6 29. Qxb6 h5 30. Qb7 Re8 31. Kg1 Kh7 32. Qb3 Re4 33.
Qc2 h4 34. f3 Re1+ 35. Kh2 f5 36. Rxe1 Qg3+ 37. Kg1 Qxe1+ 38. Kh2 Qg3+ 39. Kg1 Qe1+ 40.
Kh2 Qg3+ 41. Kg1 Qe1+ 1/2-1/2

[Event "Early-Titled-Tuesday-Blitz-April-02-2024"]
[Site "Chess.com"]
[Date "2024.04.02"]
[Round "1"]
[White "Alexchess1984"]
[Black "ural58"]
[Result "0-1"]
[WhiteElo "2763"]
[BlackElo "2472"]
[TimeControl "180+1"]
[EndTime "8:07:27 PDT"]
[Termination "ural58 won by checkmate"]

1. e4 d5 2. exd5 Qxd5 3. Nc3 Qd6 4. d4 c6 5. Nf3 Bf5 6. Bd3 Bxd3 7. Qxd3 Nf6 8. O-O e6 9. Ne4 Nxe4 10. Qxe4 Nd7 11.
c4 Nf6 12. Qc2 Be7 13. Bg5 O-O 14. Rad1 h6 15. Be3 b5 16. b3 bxc4 17. bxc4 Rab8 18.
h3 Rfd8 19. g3 Qa3 20. Rb1 Bd6 21. Kg2 c5 22. dxc5 Bxc5 23. Bf4 Rxb1 24. Rxb1 Rc8 25. Ne5 Qa6 26. a4 Bd6 27. Rb5 Bxe5 28. Bxe5 Qc6+ 29.
Kh2 Ne4 30. Rb8 Ng5 31. Rxc8+ Qxc8 32. Qe2 Qc6 33. g4 Qf3 34. Qf1 Qe4 35. Bg3 Nf3+ 36.
Kh1 Nd2+ 37. Qg2 Qxg2+ 38. Kxg2 Nxc4 39. Bb8 a6 40. Kf3 Kf8 41. Ke4 Ke7 42. Kd4 Nb2 43. a5 Kd7 44. Kc5 Nd3+ 45. Kb6 Nxf2 46. Kxa6 Kc6 47. Be5 f6 48. Bg3 Nxh3 49. Ka7 e5 50.
a6 Kc7 51. Ka8 g5 52. a7 Kc8 53.
Bxe5 h5 54. Bxf6 hxg4 55. Bxg5 g3 56. Be3 g2 57. Bd4 Nf4 58. Bc5 Ne6 59. Bb6 g1=Q 60. Bxg1 Nc7# 0-1

[Event "Early-Titled-Tuesday-Blitz-April-02-2024"]
[Site "Chess.com"]
[Date "2024.04.02"]
[Round "1"]
[White "smotherhubbard"]
[Black "manitodeplomo"]
[Result "0-1"]
[WhiteElo "2347"]
[BlackElo "2650"]
[TimeControl "180+1"]
[EndTime "8:07:29 PDT"]
[Termination "manitodeplomo won on time"]

1. d4 g6 2. e4 Bg7 3. Nc3 c6 4. Be3 Qb6 5. Rb1 d6 6. Bc4 Nf6 7. Nge2 O-O 8. f3 d5 9. Bb3 dxe4 10. fxe4 Rd8 11. Qc1 Ng4 12. O-O e6 13. Bg5 Rxd4 14.
Nxd4 Qxd4+ 15. Kh1 Nf2+ 16. Rxf2 Qxf2 17. Be3 Qh4 18.
Qd2 Nd7 19. Bg5 Qh5 20. Rf1 h6 21. Be7 a5 22. Ne2 a4 23. Bc4 b5 24. Ng3 Qe5 25. Bd3 Qxb2 26. Qf2 Ne5 27. Bd6 f5 28. Qb6 Nf7 29.
exf5 exf5 30. Qxc6 Nxd6 31. Qxa8 Kh7 32. Qd5 Qd4 33.
Qc6 Be6 34. h4 Qxh4+ 35. Kg1 Bd4+ 36. Rf2 Qxg3 37. Qc7+ Bf7 0-1